 Seeded DCSS version 0.30-a0-920-g7493c07aab (webtiles) character file.

Game seed: 3425090202442293766 (custom seed)

3304 bmack86 the Cleaver (level 9, 0/79 HPs)
             Began as a Minotaur Fighter on Mar 21, 2023.
             Was a Priest of Okawaru.
             Slain by a human (5 damage)
             ... on level 7 of the Dungeon.
             The game lasted 00:14:44 (7028 turns).

bmack86 the Cleaver (Minotaur Fighter)              Turns: 7028, Time: 00:14:44

Health: 0/79       AC: 16    Str: 24    XL:     9   Next: 70%
Magic:  0/10       EV:  6    Int:  5    God:    Okawaru [***...]
Gold:   186        SH:  5    Dex: 11    Spells: 8/8 levels left

rFire   . . .      SeeInvis +    a - +0 war axe
rCold   . . .      Faith    .    c - +0 buckler
rNeg    . . .      Spirit   +    r - +0 plate armour
rPois   .          Reflect  .    (helmet restricted)
rElec   .          Rampage  .    (no cloak)
rCorr   .                        q - +0 pair of gloves
Will    .....                    t - +0 pair of boots Stlth
                                 l - amulet of guardian spirit
HPRegen 0.33/turn                f - ring of see invisible
MPRegen 0.12/turn                (no ring)

@: studying Long Blades
A: horns 2, retaliatory headbutt
a: Renounce Religion, Heroism


You were on level 7 of the Dungeon.
You worshipped Okawaru.
Okawaru was most pleased with you.
You visited 2 branches of the dungeon, and saw 8 of its levels.

You collected 488 gold pieces.
You spent 302 gold pieces at shops.

Inventory:

Hand Weapons
 a - a +0 war axe (weapon)
Missiles
 g - 3 curare-tipped darts
 j - 7 boomerangs (quivered)
 s - 3 throwing nets
 B - 3 javelins
 H - 8 poisoned darts
Armour
 c - a +0 buckler (worn)
 q - a +0 pair of gloves (worn)
 r - a +0 plate armour (worn)
 t - a +0 pair of boots (worn)
 E - a +0 chain mail of cold resistance
Jewellery
 f - a ring of see invisible (left hand)
 i - a ring of ice
 l - an amulet of guardian spirit (around neck)
 u - an amulet of the acrobat
Wands
 J - a wand of flame (12)
Scrolls
 e - 4 scrolls of acquirement {unknown}
 h - 2 scrolls of blinking
 k - 2 scrolls of enchant armour {unknown}
 m - a scroll of poison {unknown}
 p - 5 scrolls of magic mapping {unknown}
 x - 3 scrolls of fog {unknown}
 y - 6 scrolls of teleportation
 z - 3 scrolls of silence {unknown}
 A - a scroll of fear {unknown}
 K - a scroll of amnesia {unknown}
 O - a scroll of enchant weapon {unknown}
Potions
 b - 3 potions of mutation {unknown}
 d - 3 potions of might
 n - 2 potions of resistance
 o - 4 potions of curing
 v - 2 potions of brilliance
 w - a potion of invisibility {unknown}
 C - 2 potions of ambrosia
 D - a potion of flight
 F - a potion of haste
 I - a potion of heal wounds
 M - 2 potions of lignification {unknown}
 P - 2 potions of magic {unknown}


   Skills:
 + Level 7.4 Fighting
 * Level 9.5 Axes
 + Level 5.1 Throwing
 + Level 7.3 Armour
 + Level 7.4 Shields
 + Level 3.8 Invocations


You had 8 spell levels left.
You didn't know any spells.
Your spell library contained the following spells:

 Spells                   Type           Power      Damage    Failure   Level
 Blink                    Tloc           0%         N/A       100%        2
 Sublimation of Blood     Necr           0%         N/A       100%        2
 Wereblood                Tmut           0%         N/A       100%        2
 Manifold Assault         Tloc           0%         N/A       100%        4
 Storm Form               Tmut/Air       0%         N/A       100%        7
 Summon Hydra             Summ           Unusable   N/A       N/A         7

Dungeon Overview and Level Annotations

Branches:
Dungeon (7/15)             Temple (1/1) D:5

Altars:
Ashenzari
Elyvilon
Okawaru
Sif Muna
Trog
Vehumet
Wu Jian
Xom
Yredelemnul
Zin
The Shining One

Shops:
D:2 ?(   D:6 *=

Annotations:
D:6 3 runed translucent doors, Darius099's ghost, novice TrMo
Temple 2 transporters


Innate Abilities, Weirdness & Mutations

You have a pair of horns on your head.
You reflexively headbutt those who attack you in melee.


Message History

You block the human's attack. The human hits you but does no damage.
Unknown command.
The yak attacks as you move away! The yak gores you!
* * * LOW HITPOINT WARNING * * *
The human hits you but does no damage.
You see here a human corpse.
Unknown command.
You barely miss the yak.
The yak is lightly wounded.
You hit the human but do no damage. The yak gores you.
* * * LOW HITPOINT WARNING * * *
You block the human's attack.
Unknown command.
You barely miss the yak.
The yak is lightly wounded.
You barely miss the human. The yak closely misses you. You furiously retaliate!
You headbutt the yak! The human barely misses you. You furiously retaliate!
You headbutt the human, but do no damage.
Unknown command.
You hit the yak. You headbutt the yak.
The yak is heavily wounded.
You closely miss the human. The yak gores you but does no damage.
The human closely misses you.
You hit the yak but do no damage. Your headbutt misses the yak.
The yak is heavily wounded.
You slash the human!
You feel like a meek peon again. The yak gores you.
* * * LOW HITPOINT WARNING * * *
The human barely misses you. You furiously retaliate!
You headbutt the human! You hit the yak but do no damage. You headbutt the yak.
The yak is heavily wounded.
You slash the human! The yak gores you!
* * * LOW HITPOINT WARNING * * *
You block the human's attack.
Unknown command.
You slash the yak!
The yak is almost dead.
You completely miss the human. The human hits you.
You die...

....#
##..##.....#
#.# #.##.
..#
##.##.###.#
#.# #.##. .
#..### ###
##. #.##.
#.## . #.##.
##.## ## .
#.### ##.#
#. #.# #.##
.# #.###
##.##.#
#.... ##@Yp#
##.### ##pY#
#.....


#phhY# ####.# #hhh## #.# #h..# #.# ..... #.# ...... ###)# ..≈...# #.... ...≈...#
#.... You could see 3 yaks, 3 humans, 5 hounds and a jackal.

Vanquished Creatures
  Grinder (D:3)
  Sigmund (D:3)
  3 yaks (D:7)
  3 humans (D:7)
  2 ice beasts
  A sky beast (D:7)
  2 black bears (D:5)
  3 ogres
  3 centaurs
  A gnoll sergeant (D:6)
  3 scorpions (D:6)
  A bullfrog (D:6)
  3 howler monkeys (D:7)
  A crimson imp (D:4)
  6 hounds
  A jelly (D:6)
  4 orc priests
  2 sleepcaps (D:6)
  Terence (D:3)
  2 iguanas (D:6)
  An orc wizard (D:4)
  6 adders
  3 gnolls (D:6)
  A shadow imp (D:5)
  A worm (D:2)
  14 dart slugs
  18 orcs
  8 ball pythons
  7 bats
  5 endoplasms
  3 giant cockroaches
  7 goblins
  7 hobgoblins
  4 kobolds
  A quokka (D:2)
  4 frilled lizards
  A goblin skeleton (D:4)
  A goblin zombie (D:4)
  A hobgoblin zombie (D:4)
  A kobold skeleton (D:4)
  2 kobold zombies (D:4)
  An orc skeleton (D:4)
  13 rats
154 creatures vanquished.

Notes
Turn   | Place    | Note
-------+----------+-------------------------------------------
     0 | D:1      | bmack86 the Minotaur Fighter began the quest for the Orb.
     0 | D:1      | Reached XP level 1. HP: 19/19 MP: 0/0
   123 | D:1      | Reached XP level 2. HP: 27/27 MP: 1/1
   186 | D:1      | Found a faded altar of an unknown god.
   336 | D:1      | Reached skill level 3 in Axes
   648 | D:2      | Reached XP level 3. HP: 33/33 MP: 2/2
   827 | D:2      | Found Lipoy's Magic Scroll Boutique.
   855 | D:2      | Found Nareh's Weapon Boutique.
  1096 | D:2      | Reached XP level 4. HP: 37/40 MP: 3/3
  1479 | D:3      | Noticed Sigmund
  1497 | D:3      | Killed Sigmund
  1498 | D:3      | Reached skill level 4 in Axes
  1498 | D:3      | Reached skill level 1 in Throwing
  1498 | D:3      | Reached XP level 5. HP: 27/47 MP: 2/4
  1498 | D:3      | Reached XP level 6. HP: 31/53 MP: 2/5
  1936 | D:3      | Reached skill level 5 in Axes
  2095 | D:3      | Noticed Terence
  2103 | D:3      | Killed Terence
  2478 | D:4      | Noticed Grinder
  2485 | D:3      | Paralysed by Grinder for 3 turns
  2497 | D:3      | Killed Grinder
  2498 | D:3      | Reached skill level 5 in Fighting
  2498 | D:3      | Reached skill level 5 in Armour
  2498 | D:3      | Reached skill level 5 in Shields
  2498 | D:3      | Reached XP level 7. HP: 10/61 MP: 1/6
  2913 | D:4      | Found a glowing golden altar of the Shining One.
  2966 | D:4      | Reached skill level 6 in Axes
  3090 | D:4      | Found a white marble altar of Elyvilon.
  3090 | D:4      | Found a basalt altar of Yredelemnul.
  3091 | D:4      | Found an ornate altar of the Wu Jian Council.
  3944 | D:5      | Entered Level 5 of the Dungeon
  4089 | D:5      | Identified the +2 robe of a Hundred Friends {rElec Str+4
                  | Int-5 Slay+3}
  4196 | D:5      | Found an iron altar of Okawaru.
  4220 | D:5      | Became a worshipper of Warmaster Okawaru
  4392 | D:5      | Found a staircase to the Ecumenical Temple.
  4420 | Temple   | Entered the Ecumenical Temple
  4420 | Temple   | Found a transporter.
  4420 | Temple   | Found a transporter.
  4493 | D:5      | Reached skill level 1 in Invocations
  4493 | D:5      | Reached XP level 8. HP: 61/70 MP: 7/7
  4836 | D:5      | Reached * piety under Okawaru
  4837 | D:5      | Reached skill level 7 in Axes
  5062 | D:2      | Bought a scroll of noise for 11 gold pieces
  5062 | D:2      | Bought a scroll of vulnerability for 44 gold pieces
  5062 | D:2      | Bought 2 scrolls of identify for 44 gold pieces
  5062 | D:2      | Bought a scroll of identify for 22 gold pieces
  5062 | D:2      | Bought a scroll of immolation for 44 gold pieces
  5062 | D:2      | Bought a scroll of identify for 22 gold pieces
  5062 | D:2      | Bought a scroll of blinking for 82 gold pieces
  5062 | D:2      | Bought a scroll of teleportation for 33 gold pieces
  5320 | D:6      | Found a bloodstained altar of Trog.
  5663 | D:6      | Found Kausagei's Jewellery Shop.
  5676 | D:6      | Found Xyeg's General Store.
  5718 | D:6      | Found a glowing silver altar of Zin.
  5751 | D:6      | Found a runed translucent gate.
  5751 | D:6      | Noticed Darius099's ghost (novice TrMo)
  5752 | D:6      | Found a runed translucent gate.
  5753 | D:6      | Found a runed translucent gate.
  5828 | D:6      | Reached skill level 8 in Axes
  5916 | D:6      | Reached ** piety under Okawaru
  6265 | D:6      | Reached XP level 9. HP: 64/78 MP: 8/10
  7011 | D:7      | Reached skill level 9 in Axes
  7021 | D:7      | Reached skill level 5 in Throwing
  7021 | D:7      | Reached *** piety under Okawaru
  7028 | D:7      | Slain by a human

Illustrated notes

Levels and vault maps discovered:
D:1:      minmay_arrival_loop, layout_basic, ebering_ecumenical_altar_webs,
          moated_statue, minmay_tetromino_s2
D:2:      minmay_angry_zag, layout_basic, serial_shops,
          nicolae_shop_behind_doors, nicolae_shop_bloodbath_and_beyond,
          minmay_cut_off
D:3:      kennysheep_slugbush, layout_basic, uniq_sigmund, uniq_terence
D:4:      layout_layer_cave, gammafunk_temple_overflow_claw,
          nicolae_tso_besieged_by_evil, minivault_24, uniq_grinder
D:5:      layout_loops_ring, mainiacjoe_overflow_small_starburst,
          minmay_temple_entry_grid, minmay_misc_feat_square
D:6:      cheibrodos_iron_armory, layout_basic, bloody_trog, marbit_many_paths,
          serial_shops, shop, shop, biasface_ghost_orc_armoury,
          minmay_manual_mares
D:7:      erik_cavepeople, layout_basic
Temple:   hellmonk_temple_divided_pantheon

Skill      XL: |  1  2  3  4  5  6  7  8  9 |
---------------+----------------------------+-----
Axes           | 3 4 5 6 8 9 |  9.5
Armour         | 4 5 6 7 |  7.3
Fighting       | 4 5 6 7 |  7.4
Shields        | 4 5 6 7 |  7.4
Throwing       | 1 2 3 4 5 |  5.1
Invocations    | 1 2 3 |  3.8

Action                     |  1- 3 |  4- 6 |  7- 9 || total
---------------------------+-------+-------+-------++-------
  Melee: War axe           |    63 |    70 |   275 ||   408
         Headbutt          |    10 |    11 |    60 ||    81
  Throw: Dart              |       |     3 |       ||     3
         Boomerang         |       |       |    17 ||    17
 Invoke: Heroism           |       |       |     1 ||     1
    Use: Scroll            |       |       |     9 ||     9
 Armour: Scale mail        |    29 |       |       ||    29
         Chain mail        |     2 |    60 |   133 ||   195
         Plate armour      |       |       |    29 ||    29
  Dodge: Dodged            |    32 |    24 |   108 ||   164
  Block: Buckler           |    19 |    13 |    74 ||   106

Table legend: (Time is in decaauts)
 A = Elapsed time spent in this place.
 B = Non-inter-level travel time spent in this place.
 C = Inter-level travel time spent in this place.
 D = Time resting spent in this place.
 E = Time spent auto-exploring this place.
 F = Levels seen in this place.
 G = Mean time per level.
                   A        B        C        D        E       F      G
               +--------+--------+--------+--------+--------+-----+--------+
         Total |   7142 |   6818 |    324 |    476 |   4542 |   8 |  892.8 |
       Dungeon |   7089 |   6765 |    324 |    425 |   4542 |   7 | 1012.7 |
        Temple |     52 |     52 |      0 |     51 |      0 |   1 |   52.0 |
               +--------+--------+--------+--------+--------+-----+--------+

Top non-repeatable levels by time:
     D:4: 1339 daAuts
     D:6: 1305 daAuts
     D:3: 1293 daAuts
     D:2: 1005 daAuts
     D:5: 981 daAuts
     D:1: 587 daAuts
     D:7: 577 daAuts
  Temple: 52 daAuts
